 Dungeon Sprint DCSS version 0.17-a0-1718-g72dbe4d (webtiles) character file.

3114 nuthulu the Covert (level 9, -7/39 HPs)
             Began as a Spriggan Enchanter on Aug 26, 2015.
             Was a Follower of Dithmenos.
             Mangled by a red devil
             ... wielding a +0 trident
             ... summoned by Frances
              (20 damage)
             ... in the Dungeon (Sprint III: "The Ten Rune Challenge").
             The game lasted 00:07:45 (1085 turns).

nuthulu the Covert (Spriggan Enchanter)             Turns: 1085, Time: 00:07:45

Health: -7/39      AC:  3    Str:  2    XL:     9   Next: 60%
Magic:  17/25      EV: 31    Int: 19    God:    Dithmenos [*.....]
Gold:   53         SH:  0    Dex: 19    Spells: 6 memorised, 12 levels left

rFire  . . .     SeeInvis +     a - +1 dagger
rCold  + . .     Clarity  .     b - +1 robe
rNeg   . . .     SustAt   .     (shield restricted)
rPois  .         Gourm    .     (helmet restricted)
rElec  .         Spirit   .     (no cloak)
rCorr  .         Warding  .     (gloves unavailable)
rMut   .         NoTele   +     (boots unavailable)
MR     +....                    (no amulet)
Stlth  +++++++++.               (no ring)
                                (no ring)

@: wreathed by umbra, very quick, somewhat resistant to hostile enchantments,
incredibly stealthy
A: unfitting armour, horns 1, thin skeletal structure 1, see invisible, cold
resistance 1, deterioration 1, herbivore 3, speed 3, slow metabolism 2, spit
poison 1, weak 1
a: Spit Poison, Renounce Religion


You were in the Dungeon.
You worshipped Dithmenos.
Dithmenos was aware of your devotion.
You were not hungry.

You visited 1 branch You collected 53 gold pieces.

Inventory:

Hand weapons
 a - a +1 dagger (weapon)
Armour
 b - a +1 robe (worn)
Scrolls
 j - a scroll of blinking
 l - a scroll of holy word {unknown}
 m - a scroll of identify
 n - a scroll of magic mapping {unknown}
 q - a scroll of torment {unknown}
 r - 3 scrolls of remove curse
Potions
 e - 2 potions of curing
 f - a potion of heal wounds
 g - a potion of haste
 h - 2 potions of magic
 k - a potion of berserk rage
 p - 2 potions of flight {unknown}
 t - 2 potions of cure mutation
 u - a potion of might
Books
 c - a book of Maledictions

   Spells                             Type                      Level
   a - Corona                         Hexes                        1
   b - Ensorcelled Hibernation        Hexes/Ice                    2
   c - Confuse                        Hexes                        3
   d - Tukima's Dance                 Hexes                        3
   e - Dazzling Spray                 Conjuration/Hexes            3
 i - a book of the Dragon

   Spells                             Type                      Level
   a - Flame Tongue                   Conjuration/Fire             1
   b - Cause Fear                     Hexes                        4
   c - Bolt of Fire                   Conjuration/Fire             6
   d - Dragon Form                    Transmutation                7
   e - Dragon's Call                  Summoning                    9
Comestibles
 d - a bread ration
 o - 2 royal jellies
 s - a fruit


   Skills:
 + Level 10.5 Short Blades
 + Level 13.6 Dodging
 + Level 14.8 Stealth
 + Level 11.6 Spellcasting
 + Level 11.9 Hexes
 + Level 8.2 Transmutations


You had 12 spell levels left.
You knew the following spells:

 Your Spells              Type           Power        Failure   Level  Hunger
a - Corona                Hex            ######.      1%          1    None
b - Ensorcelled Hibernat  Hex/Ice        ####..       1%          2    None
c - Dazzling Spray        Conj/Hex       ####....     1%          3    None
d - Tukima's Dance        Hex            ######..     1%          3    None
e - Confuse               Hex            ######..     1%          3    None
f - Dragon Form           Trmt           #####.....   99%         7    #######


Dungeon Overview and Level Annotations

Branches:
Dungeon (1/1)

Altars:
Cheibriados
Dithmenos
Elyvilon
Fedhas
Gozag
Kikubaaqudgha
Makhleb
Nemelex Xobeh
Okawaru
Qazlal
Ru
Sif Muna
Trog
Vehumet
Xom
Yredelemnul
Zin
The Shining One
Jiyva
Lugonu

Annotations:
D Frances, Wiglaf


Innate Abilities, Weirdness & Mutations

You are tiny and cannot use many weapons and most armour.
You have supernaturally acute eyesight.
You are a herbivore.
You cover ground extremely quickly.
You need consume almost no food.
You have a pair of small horns on your head.
You have a somewhat thin skeletal structure (Dex +2, Stealth).
Your flesh is cold resistant.
Your body sometimes deteriorates upon taking damage.
You can spit weak poison.
You are weak. (Str -2)


Message History

Press: ? - help, Shift-Dir - straight line, f - Frances
Aim: Frances, wielding a war axe of holy wrath (lightly wounded, umbra, chance to defeat MR: 12%)
Okay, then.
Casting: Confuse
Confirm with . or Enter, or press ? or * to list all spells.
Aiming: Tukima's Dance
Press: ? - help, Shift-Dir - straight line, f - Frances
Aim: Frances, wielding a war axe of holy wrath (lightly wounded, umbra, chance to defeat MR: 39%) Frances resists with some effort.
Something hits Frances!
The red devil hits you from afar with a trident!
Casting: Tukima's Dance
Confirm with . or Enter, or press ? or * to list all spells.
Aiming: Tukima's Dance
Press: ? - help, Shift-Dir - straight line, f/p - Frances
Aim: Frances, wielding a war axe of holy wrath (lightly wounded, umbra, chance to defeat MR: 39%)
The war axe of holy wrath dances into the air!
Something hits Frances!
Frances misses you.
The red devil hits you from afar with a trident!!
Ouch! That really hurt!
You die...

#####################
.≈≈≈'.#.'...'.#.#.#.+
#§§§#.#.#...##.#.#.##
#§§§#.#.#)..#.#.#.#.#
#§§§#...#)).##.#.#.##
▓▓▓▓▓▓▓▓▓▓▓▓#.#.#(#.#
≈≈≈...##(#@#.#
♣P.+g#@#.#.#
♣PP##4#.#.## ♣♣
#'##### ... #...#
#g..# #####


You could see Frances, a red devil and a friendly war axe of holy wrath.

Vanquished Creatures
  Josephine (D)
  A centaur warrior (D)
  An unseen horror (D)
  A shadow (D)
  A spatial vortex (D)
  A necrophage (D)
  2 centaurs (D)
  An earth elemental (D)
  A water elemental (D)
  A jelly (D)
  A wolf (D)
  Jessica (D)
  A necromancer (D)
  A wizard (D)
  A kobold demonologist (D)
  3 humans (D)
  2 oozes (D)
  A rat (D)
22 creatures vanquished.

Vanquished Creatures (collateral kills)
  A deep elf priest (D)
1 creature vanquished.

Vanquished Creatures (others)
  2 draconian scorchers (D)
  A yaktaur (D)
3 creatures vanquished.

Grand Total: 26 creatures vanquished

Notes
Turn   | Place    | Note
--------------------------------------------------------------
     0 | D        | nuthulu the Spriggan Enchanter began the quest for the Orb.
     0 | D        | Reached XP level 1. HP: 9/9 MP: 5/5
    34 | D        | Reached skill level 5 in Stealth
    34 | D        | Reached XP level 2. HP: 13/13 MP: 5/7
    38 | D        | Learned a level 2 spell: Ensorcelled Hibernation
    65 | D        | Noticed Jessica
    82 | D        | Killed Jessica
    82 | D        | Reached skill level 5 in Dodging
    82 | D        | Reached skill level 6 in Stealth
    82 | D        | Reached skill level 5 in Hexes
    82 | D        | Reached XP level 3. HP: 12/16 MP: 0/9
    83 | D        | Killed a yaktaur
    87 | D        | Learned a level 3 spell: Dazzling Spray
    91 | D        | Learned a level 3 spell: Tukima's Dance
   200 | D        | Noticed a wolf
   203 | D        | Killed a wolf
   211 | D        | Reached skill level 7 in Stealth
   211 | D        | Reached skill level 5 in Spellcasting
   211 | D        | Reached XP level 4. HP: 21/21 MP: 8/12
   216 | D        | Learned a level 3 spell: Confuse
   237 | D        | Killed a white draconian scorcher
   259 | D        | Gained mutation: You have a pair of small horns on your head. [potion of mutation]
   259 | D        | Gained mutation: Your flesh is cold resistant. [potion of mutation]
   259 | D        | Gained mutation: You are weak. (Str -2) [potion of mutation]
   260 | D        | Gained mutation: Your body sometimes deteriorates upon taking damage. [potion of mutation]
   260 | D        | Gained mutation: You can spit weak poison. [potion of mutation]
   261 | D        | Gained mutation: You have a somewhat thin skeletal structure (Dex +2, Stealth). [potion of mutation]
   267 | D        | Noticed a water elemental
   278 | D        | Killed a water elemental
   278 | D        | Reached skill level 8 in Stealth
   278 | D        | Reached XP level 5. HP: 24/24 MP: 12/14
   310 | D        | Found a radiant altar of Vehumet.
   311 | D        | Found a deep blue altar of Sif Muna.
   311 | D        | Found an ancient bone altar of Kikubaaqudgha.
   311 | D        | Noticed a wizard
   312 | D        | Killed a wizard
   312 | D        | Reached skill level 5 in Short Blades
   320 | D        | Noticed a soul eater
   351 | D        | Found a glowing silver altar of Zin.
   351 | D        | Found a glowing golden altar of the Shining One.
   351 | D        | Found a white marble altar of Elyvilon.
   352 | D        | Noticed a deep elf priest
   356 | D        | Killed a deep elf priest
   356 | D        | Reached skill level 10 in Stealth
   356 | D        | Reached XP level 6. HP: 19/28 MP: 3/17
   379 | D        | Killed a white draconian scorcher
   465 | D        | Found a basalt altar of Yredelemnul.
   465 | D        | Found a snail-covered altar of Cheibriados.
   465 | D        | Found a blossoming altar of Fedhas.
   465 | D        | Noticed a necrophage
   465 | D        | Noticed a necromancer
   467 | D        | Killed a necrophage
   468 | D        | Killed a necromancer
   479 | D        | Found an iron altar of Okawaru.
   480 | D        | Found a bloodstained altar of Trog.
   480 | D        | Noticed a human
   480 | D        | Noticed a human
   482 | D        | Killed a human
   482 | D        | Reached skill level 10 in Dodging
   482 | D        | Reached skill level 11 in Stealth
   482 | D        | Reached XP level 7. HP: 32/32 MP: 20/20
   483 | D        | Killed a human
   492 | D        | Learned a level 7 spell: Dragon Form
   521 | D        | Noticed a jelly
   522 | D        | Noticed a shadow
   645 | D        | Killed a jelly
   654 | D        | Killed a shadow
   654 | D        | Reached skill level 12 in Stealth
   741 | D        | Found a stormy altar of Qazlal.
   741 | D        | Found a sacrificial altar of Ru.
   741 | D        | Found a burning altar of Makhleb.
   741 | D        | Found a shimmering altar of Xom.
   742 | D        | Found a viscous altar of Jiyva.
   742 | D        | Found a shadowy altar of Dithmenos.
   742 | D        | Found a sparkling altar of Nemelex Xobeh.
   742 | D        | Found a corrupted altar of Lugonu.
   742 | D        | Found an opulent altar of Gozag.
   742 | D        | Noticed a spatial vortex
   756 | D        | Killed a spatial vortex
   855 | D        | Became a worshipper of Dithmenos the Shadowed
   880 | D        | Noticed Josephine
   882 | D        | Killed Josephine
   882 | D        | Reached skill level 13 in Stealth
   882 | D        | Reached skill level 10 in Spellcasting
   882 | D        | Reached skill level 10 in Hexes
   882 | D        | Reached skill level 5 in Transmutations
   882 | D        | Reached XP level 8. HP: 36/36 MP: 21/23
   887 | D        | Noticed an earth elemental
   890 | D        | Killed an earth elemental
   895 | D        | Noticed a centaur
   895 | D        | Noticed a centaur warrior
   895 | D        | Noticed a centaur
   897 | D        | Killed a centaur
   899 | D        | Killed a centaur warrior
   899 | D        | Reached skill level 10 in Short Blades
   899 | D        | Reached skill level 14 in Stealth
   899 | D        | Reached XP level 9. HP: 39/39 MP: 23/25
   905 | D        | Killed a centaur
   934 | D        | Noticed an unseen horror
   943 | D        | Killed an unseen horror
  1069 | D        | Noticed Wiglaf
  1069 | D        | Noticed Frances
  1085 | D        | Mangled by a red devil

Vault maps used:
D:        dungeon_sprint_mu

Action                   |  1- 3 |  4- 6 |  7- 9 || total
-------------------------+-------+-------+-------++-------
Melee: Dagger            |    22 |    22 |    35 ||    79
 Cast: Corona            |     3 |       |     3 ||     6
       Ensorcelled Hiber |     4 |       |     3 ||     7
       Dazzling Spray    |       |     3 |     4 ||     7
       Tukima's Dance    |       |     2 |     3 ||     5
       Confuse           |       |       |     4 ||     4
  Use: Potion            |       |     4 |     1 ||     5
       Scroll            |       |     1 |       ||     1
 Stab: Sleeping          |     3 |     4 |     7 ||    14
       Confused          |       |       |     1 ||     1
